 Dungeon Crawl Stone Soup version 0.16-a0-3153-gc6d0c83 (webtiles) character file.

40 Greenblue the Poker (level 3, -3/27 HPs)
             Began as a Demonspawn Warper on Dec 15, 2014.
             Slain by a gnoll
             ... wielding a +0 halberd
              (5 damage)
             ... on level 2 of the Dungeon.
             The game lasted 00:04:28 (943 turns).

Greenblue the Poker (Demonspawn Warper)              Turns: 943, Time: 00:04:28

Health: -3/27      AC:  6    Str: 11    XL:     3   Next: 30%
Magic:  0/6        EV: 11    Int: 15    God:
Gold:   53         SH:  0    Dex: 12    Spells: 3 memorised, 1 level left

rFire  . . .     SeeInvis .     p - staff of air (curse)
rCold  . . .     Clarity  .     b - +0 leather armour
rNeg   . . .     SustAb   .     (no shield)
rPois  .         Gourm    .     h - +2 helmet
rElec  +         Spirit   +     (no cloak)
rCorr  .         Warding  .     (no gloves)
rMut   .         Stasis   .     (no boots)
MR     .....                    (no amulet)
Stlth  +.........               (no ring)
                                (no ring)

@: drained, not resistant to hostile enchantments, very unstealthy
A: magic shield
a: no special abilities


You were on level 2 of the Dungeon.
You were not hungry.

You visited 1 branch of the dungeon, and saw 2 of its levels.

You collected 53 gold pieces.

Inventory:

Hand weapons
 a - a +0 spear
Missiles
 e - 3 tomahawks of dispersal (quivered)
Armour
 b - a +0 leather armour (worn)
 h - a +2 helmet (worn)
Magical staves
 p - a cursed staff of air (weapon)
Scrolls
 d - 4 scrolls of blinking
 g - a scroll of enchant armour
 i - a scroll of identify
 j - a scroll of teleportation
Books
 c - a book of Spatial Translocations

   Spells                             Type                      Level
   a - Apportation                    Translocation                1
   b - Blink                          Translocation                2
   c - Shroud of Golubria             Charms/Translocation         2
   d - Portal Projectile              Translocation                3
   e - Teleport Other                 Translocation                3
   f - Passage of Golubria            Translocation                4
Comestibles
 f - a bread ration
 k - a beef jerky
 l - a slice of pizza


   Skills:
 - Level 2.0(1.0) Fighting
 + Level 3.3(2.3) Polearms
 - Level 0.8(0.0) Throwing
 - Level 0.8(0.0) Armour
 - Level 1.7(0.8) Dodging
 - Level 2.0(1.0) Spellcasting
 + Level 2.8(1.8) Translocations


You had one spell level left.
You knew the following spells:

 Your Spells              Type           Power        Failure   Level  Hunger
a - Shroud of Golubria    Chrm/Tloc      #.........   28%         2    ###....
b - Blink                 Tloc           N/A          17%         2    ###....
c - Apportation           Tloc           #.........   12%         1    ##.....


Dungeon Overview and Level Annotations

Branches:
Dungeon (2/15)

Altars:


Innate Abilities, Weirdness & Mutations

When hurt, damage is shared between your health and your magic reserves.


Message History

The gnoll is moderately wounded.
The gnoll hits you. The gnoll hits you but does no damage.
You hit the gnoll but do no damage.
The gnoll is moderately wounded.
The gnoll hits you but does no damage.
You hit the gnoll.
The gnoll is heavily wounded.
The gnoll barely misses you. The gnoll hits you.
* * * LOW HITPOINT WARNING * * *
You are too injured to fight recklessly!
You are too injured to fight recklessly!
You are too injured to fight recklessly!
You hit the gnoll.
The gnoll is severely wounded.
The gnoll hits you!
* * * LOW HITPOINT WARNING * * *
You hit the gnoll but do no damage.
The gnoll is severely wounded.
The gnoll hits you from afar with a halberd.
You die...

###..# ####...##
######....##.......
#............#####
#...†.########
##...###....
###........#
#.......####
#.##...@#####
##.##..>.......


You could see 3 gnolls and a kobold.

Vanquished Creatures
  An adder (D:2)
  A gnoll (D:1)
  A giant gecko (D:2)
  4 bats
  A hobgoblin (D:1)
  4 jackals (D:1)
  A giant cockroach (D:1)
  A giant newt (D:1)
  3 kobolds
  3 rats
20 creatures vanquished.

Notes
Turn   | Place    | Note
--------------------------------------------------------------
     0 | D:1      | Greenblue, the Demonspawn Warper, began the quest for the Orb.
     0 | D:1      | Reached XP level 1. HP: 16/16 MP: 3/3
   120 | D:1      | Gained mutation: When hurt, damage is shared between your health and your magic reserves. [demonic ancestry]
   120 | D:1      | Reached XP level 2. HP: 13/22 MP: 4/4
   342 | D:1      | Reached skill level 3 in Polearms
   674 | D:2      | Reached XP level 3. HP: 17/27 MP: 6/6
   780 | D:2      | Learned a level 2 spell: Blink
   783 | D:2      | Learned a level 2 spell: Shroud of Golubria
   943 | D:2      | Slain by a gnoll

Action                   || total
-------------------------++-------
Melee: Spear             ||    89
       Staff             ||    24
Throw: Tomahawk          ||     2
 Cast: Apportation       ||     1
  Use: Scroll            ||     4
